 Dungeon Crawl Stone Soup version 0.27.1 (webtiles) character file.

Game seed: 327210582410332155

15 ABBCCCDDDD the Skirmisher (level 2, -1/21 HPs)
             Began as an Octopode Abyssal Knight on Sept 2, 2021.
             Was a Follower of Lugonu.
             Slain by a gnoll (9 damage)
             ... on level 1 of the Dungeon.
             The game lasted 00:01:08 (554 turns).

ABBCCCDDDD the Skirmisher (Octopode Abyssal Knight)  Turns: 554, Time: 00:01:08

Health: -1/21      AC:  1    Str: 11    XL:     2   Next: 50%
Magic:  3/3        EV: 13    Int: 14    God:    Lugonu [*.....]
Gold:   47         SH:  0    Dex: 11    Spells: 1/1 levels left

rFire    . . .     SeeInvis .     - Unarmed
rCold    . . .     Faith    .   (no shield)
rNeg     . . .     Spirit   .   (helmet restricted)
rPois    .         Reflect  .   (no amulet)
rElec    .         Harm     .   (no ring)
rCorr    .         Rampage  .   (no ring)
Will     .....                  (no ring)
Stlth    ++........             (no ring)
HPRegen  0.07/turn              (no ring)
MPRegen  0.08/turn              (no ring)
                                (no ring)
                                (no ring)

@: no status effects
A: almost no armour, amphibious, 8 rings, camouflage 1, gelatinous body 1,
(nimble swimmer 1), tentacles
a: Renounce Religion, Depart the Abyss


You were on level 1 of the Dungeon.
You worshipped Lugonu.
Lugonu was aware of your devotion.
You visited 1 branch of the dungeon, and saw 1 of its levels.
You visited the Abyss 1 time.

You collected 47 gold pieces.

Inventory:

Missiles
 e - 17 stones
Wands
 a - a wand of flame (7)
Potions
 b - a potion of invisibility


   Skills:
 + Level 3.2 Fighting
 - Level 2.3 Dodging
 * Level 2.7 Unarmed Combat
 - Level 2.0 Invocations


You had one spell level left.
You didn't know any spells.
Your spell library was empty.

Dungeon Overview and Level Annotations

Branches:
Dungeon (1/15)

Altars:


Innate Abilities, Weirdness & Mutations

You cannot wear most types of armour.
You are amphibious.
You can wear up to eight rings at the same time.
Your skin changes colour to match your surroundings (Stealth+).
Your rubbery body absorbs attacks. (AC +1, EV +1)
((You are camouflaged near water. (Stealth+)))
You have tentacles for arms and can constrict up to eight enemies at once.


Message History

Things that are here:
a +0 club; a kobold corpse
Found 14 gold pieces.
Found a silvery potion.
You now have 47 gold pieces (gained 14).
An endoplasm comes into view.
You see here a silvery potion.
An endoplasm is nearby!
A gnoll comes into view. It is wielding a +0 club.
The helpless endoplasm fails to defend itself.
You tentacle-slap the endoplasm.
The endoplasm is severely wounded.
The endoplasm freezes you.
You are frozen.
You barely miss the endoplasm.
The endoplasm is severely wounded.
The gnoll shouts!
The endoplasm freezes you.
You are frozen.
You barely miss the endoplasm. You squeeze the endoplasm.
The endoplasm is almost dead.
The endoplasm closely misses you.
You tentacle-slap the endoplasm but do no damage.
You squeeze the endoplasm.
You kill the endoplasm!
Lugonu accepts your kill.
You barely miss the gnoll. You grab the gnoll. You squeeze the gnoll.
The gnoll is lightly wounded.
You constrict the gnoll. You barely miss the gnoll.
The gnoll is moderately wounded.
You constrict the gnoll. The gnoll hits you with a +0 club.
You tentacle-slap the gnoll.
The gnoll is moderately wounded.
You constrict the gnoll, but do no damage.
The gnoll barely misses you.
You tentacle-slap the gnoll.
The gnoll is severely wounded.
You constrict the gnoll. The gnoll hits you with a +0 club!
You die...

*,* *,,,,,,,,,,,,,,,,,,,,*
*,***,*******,,,********,*
***,,,** *,,,* *,* ,,,,,** *#,**
*,* ,***,* #.* *.# ,* #.#
######.#########.# ,*##.##
#..............#.#****** .##...##
#.#***##g#..#.#...,,,,,,
,......###.# ##@##*.#.##.###****
###.....##.####.## ##.....#..,,,,
..............!..###.#.##.#.#****
..................#....#..#.# *
...........#######.##...#.#.## *
###...#..#.# #.##..##>.#.####
......#..#.#**####.##..##.###....
......#................###.#.####
.........###.#####.##.## ##.## *


You could see a gnoll.

Levels and vault maps discovered:
D:1:      ldierk_walled_garden_2, layout_loops_ring

Notes
Turn   | Place    | Note
-------+----------+-------------------------------------------
     0 | Abyss:1  | ABBCCCDDDD the Octopode Abyssal Knight began the quest for
                  | the Orb.
     0 | Abyss:1  | Reached XP level 1. HP: 16/16 MP: 2/2
    51 | Abyss:2  | Noticed a ynoxinul
    57 | D:1      | Escaped the Abyss
   231 | D:1      | Reached * piety under Lugonu
   245 | D:1      | Reached XP level 2. HP: 21/21 MP: 3/3
   554 | D:1      | Slain by a gnoll

Table legend: (Time is in decaauts)
 A = Elapsed time spent in this place.
 B = Non-inter-level travel time spent in this place.
 C = Inter-level travel time spent in this place.
 D = Time resting spent in this place.
 E = Time spent auto-exploring this place.
 F = Levels seen in this place.
 G = Mean time per level.
                   A        B        C        D        E       F      G
               +--------+--------+--------+--------+--------+-----+--------+
         Total |    552 |    552 |      0 |    160 |    270 |   3 |  184.0 |
       Dungeon |    495 |    495 |      0 |    160 |    245 |   1 |  495.0 |
         Abyss |     56 |     56 |      0 |      0 |     25 |   2 |   28.0 |
               +--------+--------+--------+--------+--------+-----+--------+

Top non-repeatable levels by time:
     D:1: 495 daAuts
 Abyss:1: 32 daAuts
 Abyss:2: 24 daAuts

Table legend:
 A = Kills in this place as a percentage of kills in entire the game.
 B = Kills by you in this place as a percentage of kills by you in the entire game.
 C = Kills by friends in this place as a percentage of kills by friends in the entire game.
 D = Other kills in this place as a percentage of other kills in the entire game.
 E = Experience gained in this place as a percentage of experience gained in the entire game.
 F = Experience gained in this place divided by the number of levels of this place that you have seen.
                   A       B       C       D       E      F
               +-------+-------+-------+-------+-------+----------------------
         Total | 100.0 | 100.0 |   N/A |   N/A | 100.0 |   7.3
       Dungeon | 100.0 | 100.0 |   N/A |   N/A | 100.0 |  22.0
               +-------+-------+-------+-------+-------+----------------------

Action                   || total
-------------------------++-------
Melee: Unarmed           ||    36
       Constrict         ||    12
       Tentacles         ||     9
Invok: Depart the Abyss  ||     1
  Use: Scroll            ||     3
 Stab: Sleeping          ||     6
Armor: Skin              ||     5
Dodge: Dodged            ||    18

Vanquished Creatures
  3 ball pythons (D:1)
  An endoplasm (D:1)
  2 goblins (D:1)
  A hobgoblin (D:1)
  A quokka (D:1)
  A bat (D:1)
  A kobold (D:1)
  5 rats (D:1)
15 creatures vanquished.

Vanquished Creatures (others)
  4 toadstools (D:1)
4 creatures vanquished.

Grand Total: 19 creatures vanquished
